 Dungeon Crawl Stone Soup version 0.26-a0-642-g67e99244d3 (webtiles) character file.

Game seed: 16319475688839873778

46685 Gottschkopf the Nimble (level 14, -6/146 HPs)
             Began as a Green Draconian Transmuter on Sept 22, 2020.
             Was the Champion of Ru.
             Mangled by a komodo dragon (15 damage)
             ... on level 6 of the Lair of Beasts.
             The game lasted 01:14:38 (25328 turns).

Gottschkopf the Nimble (DrTm)                      Turns: 25328, Time: 01:14:39

Health: -6/146     AC:  6    Str: 11    XL:     14   Next: 5%
Magic:  7/20       EV: 17    Int: 15    God:    Ru [******]
Gold:   864        SH:  0    Dex: 13    Spells: 6/21 levels left

rFire    x . .     SeeInvis .     - Unarmed
rCold    + + +     Faith    .   (shield unavailable)
rNeg     . . .     Spirit   .   (armour unavailable)
rPois    +         Reflect  .   (helmet currently unavailable)
rElec    .         Harm     .   (cloak currently unavailable)
rCorr    .         Rampage  .   (gloves currently unavailable)
MR       ++...                  (boots currently unavailable)
Stlth    +++.......             v - amulet of regeneration
HPRegen  0.74/turn              (ring unavailable)
MPRegen  0.17/turn              y - ring of protection from magic

@: ice-form, wereblooded, hasted, very quick
A: large, (breathe noxious fumes), unfitting armour, clumsy 1, weak 1, missing a
hand, inability to use devices, hated by all, AC +8
a: End Transformation, Draw Out Power, Power Leap, Apocalypse, Renounce Religion


You were on level 6 of the Lair of Beasts.
You worshipped Ru.
Ru was exalted by your worship.
You were a creature of crystalline ice.
You visited 4 branches of the dungeon, and saw 22 of its levels.
You also visited: Sewer and Ossuary.

You collected 1452 gold pieces.
You spent 588 gold pieces at shops.

Inventory:

Armour
 j - a +2 pair of gloves (melded)
 x - a +2 pair of boots (melded)
 C - the +0 cloak "Anweelli" (melded) {rF+ rN+ rCorr}
   (You found it on level 2 of the Lair of Beasts)

   It protects you from fire.
   It protects you from negative energy.
   It provides partial protection from all sources of acid and corrosion.
Jewellery
 d - an uncursed amulet of faith
 h - an uncursed ring of protection from fire
 n - an uncursed ring of magical power
 r - an uncursed ring of poison resistance
 v - an amulet of regeneration (around neck)
 y - a ring of protection from magic (right front paw)
 F - the ring of Xom's Flight of Fancy {Fire rPois Dex+5}
   (You found it on level 11 of the Dungeon)

   [ring of fire]

   It enhances your fire magic.
   It affects your dexterity (+5).
   It protects you from fire.
   It makes you vulnerable to cold.
   It protects you from poison.
 G - an uncursed ring of resist corrosion
 I - an uncursed ring of ice
 M - a +4 ring of protection {unknown}
Scrolls
 c - 14 scrolls of remove curse
 e - 9 scrolls of teleportation
 g - 8 scrolls of enchant weapon
 i - 8 scrolls of magic mapping
 k - 3 scrolls of amnesia
 m - a scroll of fear
 t - 2 scrolls of immolation
 u - 5 scrolls of fog
 w - 3 scrolls of vulnerability
 A - a scroll of noise
 B - a scroll of blinking
 H - 4 scrolls of identify
 J - a scroll of brand weapon
 L - 2 scrolls of enchant armour
Potions
 a - 5 potions of resistance
 b - 3 potions of might
 f - a potion of haste
 l - 7 potions of curing
 o - a potion of berserk rage
 p - 3 potions of stabbing
 q - 2 potions of flight
 s - 4 potions of lignification
 z - 9 potions of brilliance
 D - a potion of invisibility
 E - 2 potions of mutation
 K - a potion of cancellation


   Skills:
 + Level 10.5 Fighting
 - Level 13.0 Dodging
 - Level 4.4 Stealth
 - Level 12.5 Unarmed Combat
 - Level 4.2 Spellcasting
 - Level 11.1 Transmutations
 - Level 2.1 Ice Magic
 - Level 2.4 Poison Magic


You had 6 spell levels left.
You knew the following spells:

 Your Spells              Type           Power        Failure   Level
a - Blade Hands           Tmut           #####.....   4%          5
b - Spider Form           Tmut/Pois      ###.......   3%          3
c - Wereblood             Tmut           #####...     1%          2
d - Beastly Appendage     Tmut           #####.       1%          1
e - Ice Form              Ice/Tmut       ###.....     12%         4

Your spell library contained the following spells:

 Spells                   Type           Power        Failure   Level
 Apportation              Tloc           #.....       19%         1
 Corona                   Hex            #......      19%         1
 Magic Dart               Conj           #...         19%         1
 Pain                     Necr           #...         19%         1
 Searing Ray              Conj           #.....       26%         2
 Dazzling Flash           Conj/Hex       #.....       47%         3
 Vampiric Draining        Necr           #.........   47%         3
 Fulminant Prism          Conj/Hex       #.........   87%         4
 Iskenderun's Mystic Bla  Conj/Tloc      #.......     87%         4
 Agony                    Necr           #.......     99%         5
 Animate Skeleton         Necr           Unusable     N/A         1
 Summon Small Mammal      Summ           Unusable     N/A         1
 Animate Dead             Necr           Unusable     N/A         4
 Summon Demon             Summ           Unusable     N/A         5
 Summon Forest            Summ/Tloc      Unusable     N/A         5
 Summon Mana Viper        Hex/Summ       Unusable     N/A         5
 Shadow Creatures         Summ           Unusable     N/A         6
 Summon Hydra             Summ           Unusable     N/A         7

Dungeon Overview and Level Annotations

Branches:
Dungeon (14/15)            Temple (1/1) D:6            Lair (6/6) D:11
 Shoals (0/4) Lair:4        Snake (1/4) Lair:3        Slime (0/5) Lair:5
    Orc (0/2) D:11          Sewer (visited)         Ossuary (visited)
 Vaults: D:13-14

Altars:
Ashenzari
Dithmenos
Hepliaklqana
Kikubaaqudgha
Makhleb
Nemelex Xobeh
Okawaru
Qazlal
Ru
Sif Muna
Vehumet
Wu Jian
The Shining One
Jiyva

Shops:
D:5 ?   D:7 (   D:8 !:!=[   D:11 }

Annotations:
D:13 1 runed translucent door


Innate Abilities, Weirdness & Mutations

((You can breathe blasts of noxious fumes.))
((Your lurid green scales are hard. (AC +8)))
You cannot fit into any form of body armour.
((Your tail ends in a poisonous barb.))
You are clumsy. (Dex -2)
((Your system is resistant to poisons. (rPois)))
You are weak. (Str -2)
((You are cold-blooded and may be slowed by cold attacks.))
You are missing a hand.
You cannot study or use magical devices.
You are hated by all.
((Your flesh is heat resistant. (rF+)))


Message History

The komodo dragon is heavily wounded.
The komodo dragon bites you!
* * * LOW HITPOINT WARNING * * *
You hit the komodo dragon.
The komodo dragon seems to slow down.
You freeze the komodo dragon.
The komodo dragon is almost dead.
The komodo dragon closely misses you.
You punch the komodo dragon!
The komodo dragon seems to slow down.
You freeze the komodo dragon.
You kill the komodo dragon!
You hit the komodo dragon but do no damage.
The komodo dragon is heavily wounded.
The komodo dragon is stunned by your will and fails to attack.
You hit the komodo dragon.
The komodo dragon seems to slow down.
You freeze the komodo dragon.
The komodo dragon is heavily wounded.
You punch the komodo dragon! You freeze the komodo dragon.
The komodo dragon is almost dead.
The komodo dragon bites you!
You die...

.........†....P#
.......?.....### .
............=#####..
.............#.#...D
#...#†.......#.....
##...........# #......#...##
#..........†###
###.......#lY.###
#..P†.#.#......##
###.............#
#..............##
#................##
##.............†..## ###
#..#.....P.#........#######..
#..........#......#..P.......
#.#.P.....###...###.......PP.


You could see a komodo dragon (slow).

Vanquished Creatures
  The ghost of dracos369 the Fighter, a journeyman OgAM of Dithmenos (Lair:4)
  7 hydras
  Fannar (D:11)
  3 two-headed ogres
  A catoblepas (Lair:6)
  A centaur warrior (D:13)
  2 unseen horrors
  An orc knight (D:10)
  Pikel (D:7)
  2 deep elf magi (D:12)
  2 ugly things
  A manticore (D:12)
  Joseph (D:7)
  A merfolk siren (Lair:4)
  7 black mambas
  7 cane toads
  A gargoyle (D:12)
  A kobold demonologist (D:14)
  6 komodo dragons
  A polar bear (Lair:6)
  A merfolk (Lair:4)
  4 trolls
  A hornet (D:13)
  12 hippogriffs
  Prince Ribbit (D:9)
  9 blink frogs
  Sigmund (D:6)
  2 steam dragons
  44 yaks
  2 basilisks
  Menkaure (D:7)
  8 water moccasins
  10 porcupines
  5 ice beasts
  4 sky beasts
  A black bear (Lair:2)
  12 orc warriors
  7 ogres
  3 phantoms
  7 wolves
  8 centaurs
  16 crocodiles
  3 big kobolds
  An elf zombie (Ossuary)
  14 bullfrogs
  2 gnoll sergeants
  4 scorpions
  A troll zombie (Ossuary)
  3 killer bees (D:8)
  11 wights
  4 electric eels
  4 howler monkeys
  5 centaur zombies
  3 hounds
  A quasit (D:10)
  A human zombie (Ossuary)
  A bullfrog skeleton (D:3)
  8 jellies
  11 orc priests
  5 centaur skeletons
  2 iguanas
  10 orc wizards
  13 worker ants
  A centaur simulacrum (D:10)
  2 ogre zombies (Ossuary)
  2 hound skeletons
  2 worker ant zombies
  7 mummies (Ossuary)
  9 adders
  11 gnolls
  A hound simulacrum (D:10)
  A shadow imp (D:10)
  2 white imps
  2 ufetubi (D:10)
  An ooze (D:1)
  5 adder zombies (Ossuary)
  An adder skeleton (D:4)
  5 worms
  3 dart slugs
  8 leopard geckos
  55 orcs
  7 giant cockroaches
  7 goblins
  5 hobgoblins
  8 jackals
  2 quokkas
  12 bats
  5 frilled lizards
  5 goblin zombies (Ossuary)
  2 hobgoblin zombies (Ossuary)
  19 kobolds
  3 kobold zombies (Ossuary)
  A leopard gecko skeleton (D:9)
  A leopard gecko zombie (D:8)
  6 quokka zombies (Ossuary)
  5 rats
  2 rat zombies (Ossuary)
522 creatures vanquished.

Vanquished Creatures (others)
  An elephant (D:11)
  2 black mambas
  A cane toad (Lair:6)
  2 hippogriffs
  A crocodile (Lair:6)
  A scorpion (D:9)
  An orc wizard (D:7)
  An orc (D:12)
  17 fungi
  22 plants
49 creatures vanquished.

Grand Total: 571 creatures vanquished

Notes
Turn   | Place    | Note
-------+----------+-------------------------------------------
     0 | D:1      | Gottschkopf the Draconian Transmuter began the quest for
                  | the Orb.
     0 | D:1      | Reached XP level 1. HP: 16/16 MP: 3/3
   132 | D:1      | Reached XP level 2. HP: 19/23 MP: 3/5
   539 | D:1      | Reached XP level 3. HP: 28/28 MP: 6/6
   550 | D:1      | Learned a level 3 spell: Spider Form
   553 | D:1      | Learned a level 2 spell: Wereblood
  1204 | D:2      | Reached skill level 1 in Poison Magic
  1224 | D:2      | Reached XP level 4. HP: 35/35 MP: 5/7
  1436 | D:2      | Found a sparkling altar of Nemelex Xobeh.
  1442 | D:2      | Found a stormy altar of Qazlal.
  2070 | D:3      | Found a glowing drain.
  2074 | Sewer    | Entered a sewer
  2114 | Sewer    | Noticed a crocodile
  2136 | Sewer    | Killed a crocodile
  2136 | Sewer    | Reached XP level 5. HP: 34/40 MP: 8/8
  3192 | D:4      | Noticed a phantom
  3209 | D:4      | Killed a phantom
  3209 | D:4      | Reached skill level 5 in Transmutations
  3209 | D:4      | Reached XP level 6. HP: 37/47 MP: 9/9
  3332 | D:4      | Reached skill level 5 in Unarmed Combat
  3544 | D:4      | Found a sacrificial altar of Ru.
  3552 | D:4      | Became a worshipper of Ru the Awakened
  3670 | D:5      | Entered Level 5 of the Dungeon
  3706 | D:5      | Noticed a sky beast
  3719 | D:5      | Killed a sky beast
  3719 | D:5      | Your scales start taking on a lurid green colour.
  3719 | D:5      | Reached XP level 7. HP: 36/52 MP: 10/10
  3719 | D:5      | Gained mutation: Your system is resistant to poisons.
                  | (rPois) [Green Draconian growth]
  3838 | D:5      | Found Ratwu's Magic Scroll Shoppe.
  3841 | D:5      | Bought a scroll of teleportation for 33 gold pieces
  3841 | D:5      | Bought a scroll of amnesia for 38 gold pieces
  3841 | D:5      | Bought a scroll of remove curse for 33 gold pieces
  3841 | D:5      | Bought a scroll of identify for 22 gold pieces
  3841 | D:5      | Bought a scroll of identify for 22 gold pieces
  4192 | D:5      | Found a radiant altar of Vehumet.
  4382 | D:5      | Found an ornate altar of the Wu Jian Council.
  4606 | D:5      | Found a shadowy altar of Dithmenos.
  5007 | D:6      | Noticed Sigmund
  5388 | D:5      | Gained mutation: You are clumsy. (Dex -2) [Ru sacrifice]
  5652 | D:6      | Reached XP level 8. HP: 37/59 MP: 11/11
  5656 | D:6      | Killed Sigmund
  6096 | D:6      | Found a staircase to the Ecumenical Temple.
  6097 | D:6      | Found an iron altar of Okawaru.
  6210 | D:6      | Found a glowing golden altar of the Shining One.
  6341 | D:6      | Found a burning altar of Makhleb.
  6642 | Temple   | Entered the Ecumenical Temple
  6757 | D:7      | Found a shattered altar of Ashenzari.
  6857 | D:7      | Noticed Menkaure
  6868 | D:7      | Killed Menkaure
  6868 | D:7      | Reached skill level 10 in Unarmed Combat
  7018 | D:7      | Noticed Pikel
  7040 | D:7      | Killed Pikel
  7040 | D:7      | Reached XP level 9. HP: 22/64 MP: 12/12
  7279 | D:7      | Found Izigut's Antique Weapon Emporium.
  7392 | D:7      | Noticed Joseph
  7402 | D:7      | Killed Joseph
  7416 | D:7      | Learned a level 5 spell: Blade Hands
  7822 | D:7      | Gained mutation: You are hated by all. [Ru sacrifice]
  7822 | D:7      | Reached * piety under Ru
  7822 | D:7      | Reached ** piety under Ru
  8223 | D:8      | Found Myocrih's Book Emporium.
  8263 | D:8      | Found Peasigoi's Distillery.
  8403 | D:8      | Found a sand-covered staircase.
  8488 | Ossuary  | Entered an ossuary
  8674 | Ossuary  | Reached skill level 10 in Transmutations
  9289 | D:8      | Bought a potion of heal wounds for 70 gold pieces
  9289 | D:8      | Bought 2 potions of degeneration for 28 gold pieces
  9289 | D:8      | Bought a potion of curing for 42 gold pieces
  9723 | D:8      | Found Gineaxuwil's Jewellery Boutique.
  9730 | D:8      | Reached XP level 10. HP: 71/71 MP: 13/13
  9809 | D:8      | Found Vanlaji's Antique Armour Emporium.
  9975 | D:8      | Found a hazy altar of Hepliaklqana.
  9978 | D:8      | Gained mutation: You cannot study or use magical devices.
                  | [Ru sacrifice]
  9978 | D:8      | Reached *** piety under Ru
  9978 | D:8      | Reached **** piety under Ru
 10166 | D:8      | Found Ocao's Distillery.
 10805 | D:9      | Noticed Prince Ribbit
 10810 | D:9      | Killed Prince Ribbit
 10810 | D:9      | Reached skill level 5 in Fighting
 11157 | D:9      | Gained mutation: You are weak. (Str -2) [Ru sacrifice]
 12133 | D:10     | Entered Level 10 of the Dungeon
 12133 | D:10     | Noticed an orc knight
 12149 | D:10     | Killed an orc knight
 12699 | D:10     | HP: 5/136 [troll (5)]
 13073 | D:9      | Reached skill level 10 in Fighting
 13073 | D:9      | Reached skill level 2 in Dodging
 13073 | D:9      | Reached XP level 11. HP: 11/99 MP: 14/14
 13928 | D:10     | Reached skill level 3 in Dodging
 13942 | D:10     | Gained mutation: You are missing a hand. [Ru sacrifice]
 13942 | D:10     | Reached ***** piety under Ru
 13942 | D:10     | Reached ****** piety under Ru
 14309 | D:10     | Reached skill level 4 in Dodging
 14646 | D:11     | Reached skill level 5 in Dodging
 14722 | D:8      | Bought an uncursed amulet of regeneration for 300 gold
                  | pieces
 14877 | D:11     | Got a warped silver ring
 14879 | D:11     | Identified the ring of Xom's Flight of Fancy {Fire rPois
                  | Dex+5} (You found it on level 11 of the Dungeon)
 15087 | D:11     | Found a staircase to the Lair.
 15127 | D:11     | Reached skill level 6 in Dodging
 15455 | D:11     | Found Saob Cawn's Gadget Shop.
 15711 | D:11     | Noticed Fannar
 15720 | D:11     | Killed Fannar
 15720 | D:11     | Reached skill level 7 in Dodging
 15787 | D:11     | Noticed a two-headed ogre
 15795 | D:11     | Killed a two-headed ogre
 15937 | D:11     | Noticed a white ugly thing
 15945 | D:11     | Killed a white ugly thing
 15945 | D:11     | Reached skill level 8 in Dodging
 16665 | D:11     | Found a staircase to the Orcish Mines.
 16796 | D:12     | Reached skill level 9 in Dodging
 16820 | D:12     | Found a frozen archway.
 16983 | D:12     | Noticed a two-headed ogre
 16990 | D:12     | Killed a two-headed ogre
 16990 | D:12     | Reached XP level 12. HP: 80/106 MP: 9/15
 17233 | D:12     | Reached skill level 10 in Dodging
 17274 | D:12     | Reached skill level 1 in Stealth
 18048 | D:13     | Noticed a centaur warrior
 18058 | D:13     | Killed a centaur warrior
 18303 | D:13     | Gained mutation: Your flesh is heat resistant. (rF+)
                  | [potion of mutation]
 18303 | D:13     | Gained mutation: Your tail ends in a poisonous barb.
                  | [potion of mutation]
 18703 | D:13     | Found a runed translucent door.
 18703 | D:13     | Noticed a yaktaur captain
 18703 | D:13     | Noticed a stone giant
 18704 | D:13     | Noticed a sphinx
 18717 | D:13     | Noticed a two-headed ogre
 18724 | D:13     | Killed a two-headed ogre
 18873 | D:14     | Noticed a six-headed hydra
 18881 | D:13     | Learned a level 4 spell: Ice Form
 18897 | D:13     | Killed a six-headed hydra
 18897 | D:13     | Reached skill level 1 in Ice Magic
 19242 | Lair:1   | Entered Level 1 of the Lair of Beasts
 20423 | Lair:2   | Got a translucent cloak
 20440 | Lair:2   | Identified the +0 cloak "Anweelli" {rF+ rN+ rCorr} (You
                  | found it on level 2 of the Lair of Beasts)
 20837 | Lair:2   | Reached XP level 13. HP: 84/113 MP: 8/17
 22127 | Lair:3   | Found a staircase to the Snake Pit.
 22420 | Snake:1  | Entered Level 1 of the Snake Pit
 22645 | Lair:4   | Found a staircase to the Shoals.
 23102 | Lair:4   | Found a runed translucent door.
 23103 | Lair:4   | Noticed dracos369's ghost (journeyman OgAM)
 23125 | Lair:4   | Killed dracos369's ghost
 23125 | Lair:4   | Reached skill level 11 in Dodging
 23515 | Lair:5   | Found a viscous altar of Jiyva.
 23515 | Lair:5   | Found a staircase to the Slime Pits.
 24443 | Lair:6   | Entered Level 6 of the Lair of Beasts
 24455 | Lair:6   | Reached skill level 12 in Dodging
 25088 | Lair:6   | Reached skill level 13 in Dodging
 25282 | Lair:6   | Mutation became permanent: Your tail ends in a poisonous
                  | barb. [Green Draconian growth]
 25282 | Lair:6   | Gained mutation: Your tail ends in a poisonous barb. [Green
                  | Draconian growth]
 25282 | Lair:6   | Reached XP level 14. HP: 116/121 MP: 17/20
 25323 | Lair:6   | HP: 7/146 [komodo dragon (13)]
 25328 | Lair:6   | Mangled by a komodo dragon

Illustrated notes

Levels and vault maps discovered:
D:1:      doesnt_arrival_eight_statues, layout_rooms, minmay_hexomino_f4
D:2:      layout_basic, amethyst_overflow_temple_binary, serial_bayou_ford_a,
          grunt_ministairs_12, corexii_hall_statues_l, moated_statue
D:3:      minmay_inner_zag, layout_basic, gup_sewer_entry_bowl
D:4:      layout_rooms, nicolae_ru_sacrificial_ziggurat,
          minmay_misc_feat_encased
D:5:      layout_loops_corners, fiery_altar_vehumet,
          nicolae_dithmenos_the_darkroom, kennysheep_little_box, serial_shops,
          nicolae_shop_behind_doors, bh_walls_and_bars
D:6:      layout_rooms, nicolae_overflow_crystal_walls,
          okawaru_ov_weapons_minmay, nicolae_tso_carved_into_rock, uniq_sigmund
D:7:      layout_gridville, nicolae_ashenzari_panopticon, serial_shops,
          nicolae_shop_window_shopping, uniq_joseph, uniq_pikel, uniq_menkaure
D:8:      layout_loops_cross, lemuel_round_altar, enter_ossuary_5, serial_shops,
          shop_fountains, nicolae_shop_statue_plus, kennysheep_mini,
          kennysheep_mini_moat, shop, kennysheep_generic_room_4
D:9:      layout_roguey, grunt_decor_cap, serial_park_tiny_1,
          minmay_fractal_squares_5, uniq_prince_ribbit1
D:10:     layout_rooms, serial_ice, serial_ice_f, serial_ice_j, serial_ice_a,
          serial_ice_d, serial_ice_b, serial_ice_m, serial_ice_n, serial_ice_g,
          kb_rosetta
D:11:     layout_loops_corners, david_lair_generic, david_orc_4, serial_shops,
          shop, minmay_misc_feat_hallway, uniq_fannar
D:12:     layout_loops_cross, portal_ice_cave_entry_pillars_2
D:13:     layout_roguey, hex_medium, kennysheep_treasure_room
D:14:     layout_small_grid, lightli_vaults_fourway_checkpoint,
          serial_park_tiny_pond
Temple:   chequers_temple_sunken
Lair:1:   layout_roguey, grunt_megastairs_2, serial_bayou_shore_a,
          lemuel_fruit_tree, lemuel_fruit_fields
Lair:2:   layout_layer_cave, serial_bayou_pond_a, chequers_serial_rivers_room_b,
          serial_bayou_pond_d
Lair:3:   layout_chaotic_city, dummy_snake_entry
Lair:4:   layout_loops_ring, elwin_shoals_entry_rooms, gammafunk_ghost_grave,
          minivault_11, lemuel_old_faithful
Lair:5:   layout_cave_shapes, slime_altar_1, st_stairs_10, lookout_lair_type,
          serial_bayou_crossing, infiniplex_staircase_pool_2
Lair:6:   cheibrodos_lair_end_hotspot, layout_misc_corridors, minivault_19
Snake:1:  layout_gridlike, st_stairs_9, nicolae_snake_horde_hoard

Skill      XL: |  1  2  3  4  5  6  7  8  9 10 11 12 13 |
---------------+----------------------------------------+-----
Unarmed Combat | 4 6 8 10 12 | 12.5
Poison Magic   | 1 2 |  2.4
Transmutations | 3 5 7 10 11 | 11.1
Fighting       | 10 | 10.5
Dodging        | 2 9 10 13 | 13.0
Stealth        | 4 |  4.4
Ice Magic      | 2 |  2.1
Spellcasting   | 3 4 |  4.2

Action                   |  1- 3 |  4- 6 |  7- 9 | 10-12 | 13-15 || total
-------------------------+-------+-------+-------+-------+-------++-------
Melee: Unarmed           |   117 |   118 |   304 |   591 |   356 ||  1486
       Kick              |    15 |    17 |    19 |     2 |       ||    53
       Headbutt          |    10 |    16 |    10 |     2 |       ||    38
       Tailslap          |     9 |     6 |    19 |    63 |    39 ||   136
       Punch             |     2 |     1 |     5 |     7 |       ||    15
 Cast: Beastly Appendage |    27 |    24 |    16 |     2 |       ||    69
       Wereblood         |       |     7 |    17 |    35 |     6 ||    65
       Spider Form       |       |     3 |    13 |       |       ||    16
       Blade Hands       |       |       |    26 |   100 |    44 ||   170
       Ice Form          |       |       |       |     1 |     7 ||     8
Invok: Sacrifice Purity  |       |       |     1 |     1 |       ||     2
       Sacrifice Love    |       |       |     1 |       |       ||     1
       Sacrifice Artific |       |       |       |     1 |       ||     1
       Sacrifice a Hand  |       |       |       |     1 |       ||     1
  Use: Scroll            |       |       |    13 |    13 |     4 ||    30
       Potion            |       |       |     2 |     6 |     1 ||     9
 Stab: Distracted        |       |       |     1 |     2 |       ||     3
       Sleeping          |       |       |     1 |     1 |     4 ||     6
       Invisible         |       |       |       |     7 |     4 ||    11
       Paralysed         |       |       |       |    10 |    12 ||    22
Armor: Skin              |    34 |    32 |    58 |   123 |    60 ||   307
Dodge: Dodged            |    72 |    74 |   196 |   340 |   254 ||   936

Table legend: (Time is in decaauts)
 A = Elapsed time spent in this place.
 B = Non-inter-level travel time spent in this place.
 C = Inter-level travel time spent in this place.
 D = Time resting spent in this place.
 E = Time spent auto-exploring this place.
 F = Levels seen in this place.
 G = Mean time per level.
                   A        B        C        D        E       F      G
               +--------+--------+--------+--------+--------+-----+--------+
         Total |  25145 |  24248 |    897 |   2540 |  17843 |  24 | 1047.7 |
       Dungeon |  18197 |  17448 |    749 |   2301 |  12528 |  14 | 1299.8 |
        Temple |      1 |      1 |      0 |      0 |      0 |   1 |    1.0 |
          Lair |   6005 |   5857 |    148 |    239 |   4677 |   6 | 1000.8 |
     Snake Pit |      8 |      8 |      0 |      0 |      0 |   1 |    8.0 |
         Sewer |    160 |    160 |      0 |      0 |    114 |   1 |  160.0 |
       Ossuary |    771 |    771 |      0 |      0 |    524 |   1 |  771.0 |
               +--------+--------+--------+--------+--------+-----+--------+

Top non-repeatable levels by time:
     D:9: 2275 daAuts
    D:11: 2071 daAuts
     D:5: 2012 daAuts
     D:7: 1795 daAuts
    D:10: 1746 daAuts
     D:8: 1425 daAuts
  Lair:2: 1413 daAuts
     D:3: 1231 daAuts
    D:12: 1143 daAuts
  Lair:5: 1105 daAuts
    D:13: 1085 daAuts
  Lair:4: 1034 daAuts
     D:6: 956 daAuts
  Lair:3: 930 daAuts
     D:2: 856 daAuts
